AoeStats
← andres simijaca

Arabia

509780014Analyzed
1v1 RM · 3d ago on Sep 28, 2026· 43m 41s· 2 players
Game mode
Random Map
Map size
Tiny (2 player)
Population
200
Speed
Normal
Resources
Standard
Victory
Conquest
Starting age
Dark Age
Ending age
Imperial Age
RankedLock teamsTeams togetherTeam positionsShared explorationLock speedFull tech treeHidden civsTurbo modeCheats
Victory
Defeat
🇺🇸 Maya · United States
808
+16
🇨🇴 Magyars · Colombia
800
-16
andres simijaca
8:10 Loom
10:56 Feudal Age
14:24 Bloodlines
14:52 Man-at-Arms
15:52 Arson
17:43 Scale Mail Armor
19:16 Padded Archer Armor
25:17 Castle Age
23:23 Stone Mining
31:13 Gold Mining
31:13 Horse Collar
32:48 Wheelbarrow
34:51 Corvinian Army
SombreSnow8222
0:32 Loom
11:32 Feudal Age
13:08 Double-Bit Axe
19:14 Castle Age
18:36 Horse Collar
19:08 Padded Archer Armor
19:27 Crossbowman
21:04 Man-at-Arms
26:51 Gold Mining
27:24 Stone Mining
31:29 Heavy Plow
33:42 Wheelbarrow
33:26 Fletching
36:04 Bow Saw
36:07 Pikeman
36:48 Squires
37:22 Ballistics
36:43 Treadmill Crane
37:32 Hul'che Javelineers
39:00 Bodkin Arrow
40:06 Forging
41:46 Arson
43:28 Iron Casting
42:54 Scale Mail Armor
43:09 Leather Archer Armor
Connection lost

Rejoining the realm…

Still unreachable

The connection could not be restored.

Session expired

The server has moved on; the page needs a fresh start.